 Dungeon Crawl Stone Soup version 0.23.0-3-gf3c87f2 (webtiles) character file.

Game seed: 11625184140039936274

65 Frank the Ducker (level 4, -5/31 HPs)
             Began as an Octopode Fighter on Feb 24, 2019.
             Slain by a gnoll
             ... wielding a +0 club
              (9 damage)
             ... on level 2 of the Dungeon.
             The game lasted 00:01:57 (940 turns).

Frank the Ducker (Octopode Fighter)                  Turns: 940, Time: 00:01:58

Health: -5/31      AC:  1    Str: 15    XL:     4   Next: 14%
Magic:  4/4        EV: 12    Int: 10    God:
Gold:   113        SH:  9    Dex: 12    Spells: 3/3 levels left

rFire    . . .     SeeInvis .   a - +0 long sword
rCold    . . .     Gourm    .   b - +0 shield
rNeg     . . .     Faith    .   (helmet restricted)
rPois    .         Spirit   .   (no amulet)
rElec    .         Reflect  .   (no ring)
rCorr    .         Harm     .   (no ring)
MR       .....                  (no ring)
Stlth    +++.......             (no ring)
HPRegen  0.10/turn              (no ring)
MPRegen  0.09/turn              (no ring)
                                (no ring)
                                (no ring)

@: no status effects
A: almost no armour, stealthy swim, amphibious, 8 rings, constrict 8, camouflage
1, gelatinous body 1
a: no special abilities


You were on level 2 of the Dungeon.
You were not hungry.

You visited 1 branch of the dungeon, and saw 2 of its levels.

You collected 113 gold pieces.

Inventory:

Hand Weapons
 a - a +0 long sword (weapon)
Armour
 b - a +0 shield (worn)
Scrolls
 f - 3 scrolls of identify
 g - a scroll of amnesia
 h - a scroll of teleportation
Potions
 c - 2 potions of might
 e - 2 potions of agility
 i - 2 potions of invisibility
Comestibles
 d - 4 rations


   Skills:
 + Level 3.3 Fighting
 + Level 2.9 Long Blades
 + Level 3.4 Dodging
 + Level 1.2 Stealth
 + Level 3.4 Shields


You had 3 spell levels left.
You didn't know any spells.
Your spell library was empty.

Dungeon Overview and Level Annotations

Branches:
Dungeon (2/15)

Altars:


Innate Abilities, Weirdness & Mutations

You cannot wear most types of armour.
You are very stealthy in the water. (Stealth+)
You are amphibious.
You can wear up to eight rings at the same time.
You can use your tentacles to constrict eight enemies at once.
Your skin changes colour to match your surroundings (Stealth+).
Your rubbery body absorbs attacks. (AC +1, EV +1)


Message History

You block the gnoll's attack. x2
You hit the gnoll. You squeeze the gnoll.
The gnoll is heavily wounded.
You constrict the gnoll. The gnoll hits you with a +0 whip!
* * * LOW HITPOINT WARNING * * *
You hit the gnoll but do no damage. You squeeze the gnoll.
The gnoll is almost dead.
You constrict the gnoll.
You kill the gnoll!
You have reached level 4!
Your shield prevents you from hitting the gnoll.
Your grab misses the gnoll. You squeeze the gnoll.
The gnoll is moderately wounded.
The gnoll hits you with a +0 club.
* * * LOW HITPOINT WARNING * * *
You closely miss the gnoll. Your grab misses the gnoll.
Your squeeze misses the gnoll.
The gnoll is moderately wounded.
The gnoll hits you with a +0 club!
You die...

##### #... #... #.. #..
#
########.######+#.#####
#......#><...g@........
#......#.##.###.#######
#......#...........
#........g...###### .#
#............# #####
#.# #............#
#...# #.#
#............# #...#
#.# #.......######
#...##########.#
#.......#
######...............


You could see a gnoll.

Vanquished Creatures
  2 gnolls (D:2)
  2 adders (D:2)
  2 leopard geckos (D:1)
  A bat (D:1)
  A giant cockroach (D:2)
  2 goblins (D:1)
  5 hobgoblins
  5 kobolds
  A ball python (D:1)
  5 rats
26 creatures vanquished.

Notes
Turn   | Place    | Note
-------+----------+-------------------------------------------
     0 | D:1      | Frank the Octopode Fighter began the quest for the Orb.
     0 | D:1      | Reached XP level 1. HP: 16/16 MP: 1/1
    84 | D:1      | Reached XP level 2. HP: 12/21 MP: 2/2
   771 | D:2      | Reached XP level 3. HP: 26/26 MP: 3/3
   876 | D:2      | Reached skill level 1 in Stealth
   938 | D:2      | Reached XP level 4. HP: 8/31 MP: 4/4
   940 | D:2      | Slain by a gnoll

Skill      XL: |  1  2  3 |
---------------+----------+-----
Stealth        | 1 |  1.2
Fighting       | |  3.3
Long Blades    | |  2.9
Dodging        | |  3.4
Shields        | |  3.4

Action                   |  1- 3 |  4- 6 || total
-------------------------+-------+-------++-------
Melee: Long sword        |    44 |     2 ||    46
       Constrict         |    10 |       ||    10
       Tentacles         |     7 |     1 ||     8
  Use: Scroll            |     4 |       ||     4
 Stab: Sleeping          |     6 |       ||     6
Armor: Skin              |     3 |       ||     3
Dodge: Dodged            |    12 |       ||    12
Block: Shield            |    18 |       ||    18
       Rpst.: Long sword |     5 |       ||     5
